AoeStats
← Crazy_Owl

Migration

509938895Analyzed
1v1 RM · 4d ago on Sep 28, 2026· 46m 54s· 2 players
Game mode
Random Map
Map size
132×132
Population
200
Speed
Normal
Resources
Standard
Victory
Conquest
Starting age
Dark Age
Ending age
Imperial Age
RankedLock teamsTeams togetherTeam positionsShared explorationLock speedFull tech treeHidden civsTurbo modeCheats
Victory
Defeat
🇳🇱 Varangians · Netherlands
970
+15
🇳🇱 Goths · Netherlands
951
-15
Crazy_Owl
12:09 Feudal Age
13:28 Wheelbarrow
13:15 Fishing Lines
13:44 Double-Bit Axe
16:46 Castle Age
14:33 Horse Collar
18:09 Bow Saw
18:05 Heavy Plow
21:58 Loom
27:59 Scale Mail Armor
28:23 Fletching
28:47 Forging
30:18 Chain Mail Armor
30:12 Squires
35:04 Imperial Age
33:47 Anarchy
34:38 Iron Casting
35:56 Man-at-Arms
36:57 Long Swordsman
37:31 Two-Handed Swordsman
38:30 Champion
38:36 Champion
De Muijl
9:22 Loom
12:05 Feudal Age
12:33 Double-Bit Axe
12:30 Horse Collar
12:37 Fishing Lines
13:44 Fletching
14:06 Forging
16:22 Stone Mining
16:26 Gold Mining
18:56 Castle Age
17:08 Fletching
19:53 Medium Warships
19:37 Gillnets
20:33 Heavy Plow
20:44 Bow Saw
23:25 Iron Casting
22:45 Bodkin Arrow
26:46 Imperial Age
25:23 Stone Shaft Mining
25:32 Vendel Legacy
27:28 Wheelbarrow
26:39 Town Watch
27:51 Conscription
28:28 Squires
28:30 Scale Mail Armor
29:48 Heavy Warships
29:43 Chain Mail Armor
31:12 Blast Furnace
30:58 Hand Cart
31:27 Crop Rotation
33:11 Chemistry
32:22 Masonry
33:46 Elite Varangian Guard
34:38 Treadmill Crane
35:28 Architecture
35:08 Arson
37:05 Two-Man Saw
35:54 Gothikon
39:02 Ballistics
39:51 Siege Engineers
41:40 Murder Holes
41:36 Heated Shot
42:08 Shipwright
42:00 Careening
42:41 Cavalier
43:31 Bloodlines
43:22 Husbandry
44:16 Scale Barding Armor
44:42 Plate Mail Armor
44:19 Scale Barding Armor
44:16 Bracer
44:16 Padded Archer Armor
45:18 Guilds
47:24 Chain Barding Armor
Connection lost

Rejoining the realm…

Still unreachable

The connection could not be restored.

Session expired

The server has moved on; the page needs a fresh start.